 Dungeon Crawl Stone Soup version 0.29.1-13-g9f3cf754e1 (webtiles) character file.

Game seed: 15145893846021713084

263 croobank the Conjurer (level 5, -1/40 HPs)
             Began as a Demonspawn Conjurer on Feb 5, 2023.
             Slain by a kobold brigand
             ... wielding a +0 short sword
              (4 damage)
             ... in a sewer.
             The game lasted 00:10:45 (4198 turns).

croobank the Conjurer (Demonspawn Conjurer)         Turns: 4198, Time: 00:10:45

Health: -1/40      AC:  2    Str:  7    XL:     5   Next: 97%
Magic:  9/9        EV: 12    Int: 22    God:
Gold:   237        SH:  0    Dex: 11    Spells: 5/9 levels left

rFire   . . .      SeeInvis .   g - +0 short sword
rCold   . . .      Faith    .   (no shield)
rNeg    . . .      Spirit   .   a - +0 robe
rPois   .          Reflect  .   (no helmet)
rElec   .          Harm     .   (no cloak)
rCorr   .          Rampage  .   (no gloves)
Will    .....                   (no boots)
Stlth   ++........              f - amulet of the acrobat
HPRegen 0.13/turn               (no ring)
MPRegen 0.11/turn               (no ring)

@: no status effects
A: powered by pain 1, spiny 1
a: no special abilities


You were in a sewer.
You visited 1 branch of the dungeon, and saw 5 of its levels.
You also visited: Sewer.

You collected 237 gold pieces.

Inventory:

Hand Weapons
 c - a +0 whip
 g - a +0 short sword (weapon)
 i - a +0 hand axe
 u - a +0 long sword
 y - a +0 war axe
Missiles
 x - 8 poisoned darts
Armour
 a - a +0 robe (worn)
Magical Staves
 h - a staff of poison
Jewellery
 f - an amulet of the acrobat (around neck)
Wands
 v - a wand of flame (24)
Scrolls
 j - a scroll of teleportation
 l - a scroll of blinking {unknown}
 m - a scroll of acquirement {unknown}
 o - a scroll of summoning {unknown}
 q - a scroll of noise {unknown}
 r - a scroll of poison {unknown}
Potions
 b - a potion of magic
 k - a potion of lignification
 n - a potion of cancellation
 p - 2 potions of attraction
 t - a potion of mutation {unknown}
 w - 2 potions of haste {unknown}
 z - a potion of experience {unknown}


   Skills:
 * Level 2.9 Fighting
 + Level 2.8 Dodging
 + Level 3.0 Stealth
 + Level 2.9 Spellcasting
 + Level 4.7 Conjurations


You had 5 spell levels left.
You knew the following spells:

 Your Spells              Type           Power      Damage    Failure   Level
a - Magic Dart            Conj           96%        1d7       1%          1
b - Searing Ray           Conj           48%        2d6       2%          2
c - Freeze                Ice            12%        1d4       13%         1

Your spell library contained the following spells:

 Spells                   Type           Power      Damage    Failure   Level
 Dazzling Flash           Conj/Hex       26%        N/A       14%         3
 Frozen Ramparts          Ice            6%         1d1       36%         3
 Summon Guardian Golem    Hex/Summ       3%         N/A       36%         3
 Fulminant Prism          Conj/Hex       6%         3d7       43%         4
 Hailstorm                Conj/Ice       13%        3d5       43%         4
 Iskenderun's Mystic Bla  Conj/Tloc      13%        2d5       43%         4
 Orb of Destruction       Conj           12%        9d7       100%        7
 Spellforged Servitor     Conj/Summ      6%         N/A       100%        7


Dungeon Overview and Level Annotations

Branches:
Dungeon (6/15)              Sewer (1/1)
 Temple: D:4-7

Altars:
Ru


Innate Abilities, Weirdness & Mutations

You sometimes gain a little power by taking damage.
You are partially covered in sharp spines.


Message History

The searing ray misses the kobold brigand. (Press . to maintain the ray.)
The kobold brigand hits you with a +0 short sword.
* * * LOW HITPOINT WARNING * * *
The kobold brigand hits you with a +0 short sword.
* * * LOW HITPOINT WARNING * * *
The searing ray hits the kobold brigand.
The kobold brigand is heavily wounded.
The kobold brigand completely misses you.
Okay, then.
You are confused.
You feel invigorated.
The kobold brigand barely misses you. x2
Magic courses through your body.
The kobold brigand hits you with a +0 short sword.
* * * LOW HITPOINT WARNING * * *
You're too confused to cast spells.
The kobold brigand attacks as you move away!
The kobold brigand hits you with a +0 short sword!
* * * LOW HITPOINT WARNING * * *
The kobold brigand throws a curare-tipped dart.
The curare-tipped dart completely misses you.
Things that are here:
a +0 club; a kobold corpse You bump into the stone wall.
The kobold brigand hits you with a +0 short sword!
* * * LOW HITPOINT WARNING * * *
You bump into the stone wall.
You feel less invigorated.
You feel less confused.
The kobold brigand hits you with a +0 short sword!
* * * LOW HITPOINT WARNING * * *
The kobold brigand is struck by your spines.
The kobold brigand closely misses you.
You hit the kobold brigand but do no damage.
The kobold brigand is severely wounded.
You feel yourself speed up.
The kobold brigand is struck by your spines.
The kobold brigand hits you with a +0 short sword.
* * * LOW HITPOINT WARNING * * *
The kobold brigand hits you with a +0 short sword.
You die...

#########
#...#≈≈≈#
#∩∩.#~≈~#
#...'~~~#
######~≈~######
#....#~≈~#)!))#
#.)∩.#~≈~#@K..#
#.)..#~≈~#!...#
#...)#~≈~#...!#
##')##~~~##++##
#....#~≈~#
###...~#~≈~#
#....~~÷~≈~#
##...P~~~≈~#
#...~~#~≈~#


You could see a kobold brigand.

Vanquished Creatures
  A kobold brigand (Sewer)
  2 iguanas
  4 adders
  A worm (D:2)
  5 dart slugs
  4 orcs
  9 bats
  5 endoplasms
  2 giant cockroaches
  5 goblins
  6 hobgoblins
  2 jackals (D:2)
  11 quokkas
  7 ball pythons
  3 frilled lizards
  14 kobolds
  7 rats
88 creatures vanquished.

Vanquished Creatures (others)
  A plant (Sewer)
1 creature vanquished.

Grand Total: 89 creatures vanquished

Notes
Turn   | Place    | Note
-------+----------+-------------------------------------------
     0 | D:1      | croobank the Demonspawn Conjurer began the quest for the
                  | Orb.
     0 | D:1      | Reached XP level 1. HP: 13/13 MP: 3/3
   215 | D:1      | Gained mutation: You are partially covered in sharp spines.
                  | [demonic ancestry]
   215 | D:1      | Reached XP level 2. HP: 19/19 MP: 0/5
   367 | D:1      | Learned a level 2 spell: Searing Ray
   716 | D:1      | Reached XP level 3. HP: 24/24 MP: 0/6
   718 | D:1      | Learned a level 1 spell: Freeze
  1711 | D:2      | Reached skill level 1 in Fighting
  2290 | D:2      | Reached XP level 4. HP: 20/32 MP: 0/7
  3642 | D:3      | You fall into a shaft and drop 3 floors!
  3660 | D:6      | Found a sacrificial altar of Ru.
  3738 | D:5      | Entered Level 5 of the Dungeon
  3741 | D:5      | Gained mutation: You sometimes gain a little power by
                  | taking damage. [demonic ancestry]
  3741 | D:5      | Reached XP level 5. HP: 38/38 MP: 4/9
  3875 | D:5      | Found a glowing drain.
  3951 | Sewer    | Entered a sewer
  4191 | Sewer    | HP: 1/40 [kobold brigand/+0 short sword (4)]
  4198 | Sewer    | Slain by a kobold brigand

Illustrated notes

Levels and vault maps discovered:
D:1:      lightli_arrival_boilingwater, layout_basic, minivault_5,
          grunt_decor_arrowhead, minmay_bisected
D:2:      layout_rooms
D:3:      layout_basic, kennysheep_jessica_study
D:5:      layout_cave_pools, okawaru_gym_becter, portal_sewer_entry_a
D:6:      hellmonk_ruined_rings, layout_basic, nicolae_ru_sacrificial_ziggurat,
          minmay_temple_entry_gardened_gates, uniq_edmund, uniq_duvessa
Sewer:    kennysheep_pipe_town

Skill      XL: |  1  2  3  4  5 |
---------------+----------------+-----
Stealth        | 2 3 |  3.0
Dodging        | 2 |  2.8
Fighting       | 1 2 |  2.9
Spellcasting   | |  2.9
Conjurations   | |  4.7

Action                   |  1- 3 |  4- 6 || total
-------------------------+-------+-------++-------
Melee: Whip              |    11 |       ||    11
       Short sword       |     6 |     6 ||    12
 Cast: Magic Dart        |    42 |     5 ||    47
       Searing Ray       |    28 |    29 ||    57
       Freeze            |     2 |       ||     2
  Use: Scroll            |       |     6 ||     6
       Potion            |       |     3 ||     3
 Stab: Sleeping          |       |     1 ||     1
Armor: Robe              |     4 |     5 ||     9
Dodge: Dodged            |    21 |    24 ||    45
